 Dungeon Crawl Stone Soup version 0.28.0-53-g5a82cb258f (webtiles) character file.

Game seed: 6212692578181007844

16 jjjjhere the Sneak (level 2, 0/26 HPs)
             Began as a Minotaur Brigand on Sept 30, 2022.
             Slain by an orc
             ... wielding a +0 club
              (4 damage)
             ... on level 1 of the Dungeon.
             The game lasted 00:00:52 (999 turns).

jjjjhere the Sneak (Minotaur Brigand)                Turns: 999, Time: 00:00:52

Health: 0/26       AC:  3    Str: 15    XL:     2   Next: 37%
Magic:  1/1        EV: 11    Int:  8    God:
Gold:   14         SH:  0    Dex: 11    Spells: 1/1 levels left

rFire   . . .      SeeInvis .   g - +0 flail
rCold   . . .      Faith    .   (no shield)
rNeg    . . .      Spirit   .   b - +0 robe
rPois   .          Reflect  .   (helmet restricted)
rElec   .          Harm     .   c - +0 cloak
rCorr   .          Rampage  .   (no gloves)
Will    .....                   (no boots)
Stlth   ++........              (no amulet)
HPRegen 0.08/turn               (no ring)
MPRegen 0.07/turn               (no ring)

@: lethally poisoned (0 -> -6)
A: horns 2, retaliatory headbutt
a: no special abilities


You were on level 1 of the Dungeon.
You visited 1 branch of the dungeon, and saw 2 of its levels.

You collected 14 gold pieces.

Inventory:

Hand Weapons
 a - a +2 dagger
 g - a +0 flail (weapon)
Missiles
 d - 8 poisoned darts (quivered)
 e - 2 curare-tipped darts
Armour
 b - a +0 robe (worn)
 c - a +0 cloak (worn)
Scrolls
 h - a scroll of fear {unknown}
Potions
 f - a potion of heal wounds {unknown}
 i - a potion of haste {unknown}


   Skills:
 - Level 3.2 Fighting
 - Level 2.1 Short Blades
 + Level 1.5 Maces & Flails
 - Level 2.0 Throwing
 - Level 1.1 Dodging
 - Level 3.2 Stealth


You had one spell level left.
You didn't know any spells.
Your spell library was empty.

Dungeon Overview and Level Annotations

Branches:
Dungeon (2/15)

Altars:


Innate Abilities, Weirdness & Mutations

You have a pair of horns on your head.
You reflexively headbutt those who attack you in melee.


Message History

The orc shouts! x2
Things that are here:
a +0 flail; an orc corpse
There is a stone staircase leading up here.
An adder comes into view.
The adder hisses angrily.
The orc shouts!
You sock the orc!
You kill the orc!
You closely miss the giant cockroach.
The giant cockroach bites you but does no damage.
The adder enters a dispersal trap!
The giant cockroach blinks!
The orc blinks! x2
You blink. 2 adders and a bat come into view.
Found 8 stones.
Unknown command.
A ball python and an adder come into view.
The orc shouts!
You miss the adder. The bat barely misses you. The adder bites you.
The bat hits you but does no damage. The adder bites you but does no damage.
The adder bites you.
An endoplasm comes into view.
The adder bites you but does no damage. The orc hits you with a +0 falchion.
The bat hits you. The orc hits you but does no damage.
The orc hits you with a +0 falchion.
The endoplasm quivers.
The orc hits you but does no damage. The adder bites you.
The giant cockroach barely misses you.
There is a stone staircase leading up here.
The bat hits you but does no damage. The orc hits you with a +0 club.
The adder bites you.
The giant cockroach bites you but does no damage.
You climb upwards.
There is a stone staircase leading down here.
Unknown command.
You barely miss the orc. The adder bites you.
* * * LOW HITPOINT WARNING * * *
You are lethally poisoned!
The adder poisons you! The orc hits you with a +0 club.
You die...

########## #################
.........# #.).............#
########.###.#############.#
#####.....########## #.#
####...#.##...........# #.#
.....#.#.##.......###.# #.#
.#####.#.##..####.# #.# #.#
.###.#.#.#...####.###.# #.#
.#...#.#.#.....o@B#...# #.#
.#.#.#.#.#.#.####S#.#.####.#
.#...#.#.#......#.#.#......##
##.#.#)#.#.#..###.#.#.####..#
...#.#.#.#.#..# #.#.### #..#
#......#...#..# #.#.# #..#
...........#.## #.#.# #..#
###.....##.#.# #.#.# #..#
#..#######.# #.#.# #(.#


You could see an adder, an orc and a giant cockroach.

Vanquished Creatures
  A dart slug (D:1)
  2 orcs (D:2)
  A bat (D:1)
  2 goblins (D:1)
  2 jackals (D:1)
  A quokka (D:1)
  A frilled lizard (D:1)
10 creatures vanquished.

Notes
Turn   | Place    | Note
-------+----------+-------------------------------------------
     0 | D:1      | jjjjhere the Minotaur Brigand began the quest for the Orb.
     0 | D:1      | Reached XP level 1. HP: 18/18 MP: 0/0
   422 | D:1      | Reached XP level 2. HP: 26/26 MP: 1/1
   644 | D:1      | Reached skill level 1 in Maces & Flails
   997 | D:2      | HP: 8/26 [adder (1)]
   999 | D:1      | Slain by an orc

Illustrated notes

Levels and vault maps discovered:
D:1:      psy_arrival_heroes, layout_loops_ring, serial_co_window_serial,
          co_window_corner_a, co_window_paths_b, co_window_paths_b,
          co_window_corner_a, co_window_paths_b, co_window_2corner,
          co_window_of_opportunity_b, co_window_cross_3, co_window_4corner_b
D:2:      layout_basic, minmay_unequal

Skill      XL: |  1  2 |
---------------+-------+-----
Fighting       | 3 |  3.2
Maces & Flails | 1 |  1.5
Short Blades   | |  2.1
Throwing       | |  2.0
Dodging        | |  1.1
Stealth        | |  3.2

Action                   || total
-------------------------++-------
Melee: Dagger            ||     9
       Flail             ||    13
       Headbutt          ||     3
 Stab: Sleeping          ||     4
Armor: Robe              ||    13
Dodge: Dodged            ||     9
